 Dungeon Crawl Stone Soup version 0.22.1-1-ga44c0e5 (webtiles) character file.

63 Iscandelvey the Magician (level 3, -3/26 HPs)
             Began as a Demigod Wizard on Oct 2, 2018.
             Splashed by Sigmund's acid (14 damage)
             ... on level 3 of the Dungeon.
             The game lasted 00:07:37 (2849 turns).

Iscandelvey the Magician (Demigod Wizard)           Turns: 2849, Time: 00:07:38

Health: -3/26      AC:  0    Str: 10    XL:     3   Next: 61%
Magic:  9/10       EV: 12    Int: 24    God:
Gold:   96         SH:  0    Dex: 14    Spells: 1/9 levels left

rFire    . . .     SeeInvis .   m - +0 hand axe
rCold    . . .     Gourm    .   (no shield)
rNeg     . . .     Faith    .   a - +0 robe
rPois    .         Spirit   .   b - +0 hat
rElec    .         Reflect  .   j - +0 cloak (curse)
rCorr    .         Harm     .   t - +0 pair of gloves
MR       .....                  (no boots)
Stlth    ++........             (no amulet)
HPRegen  0.08/turn              c - ring of wizardry
MPRegen  0.12/turn              (no ring)

@: corroded
A: high mp 1
a: no special abilities


You were on level 3 of the Dungeon.
You were not hungry.

You visited 1 branch of the dungeon, and saw 3 of its levels.

You collected 96 gold pieces.

Inventory:

Hand Weapons
 m - a +0 hand axe (weapon)
Armour
 a - a +0 robe (worn)
 b - a +0 hat (worn)
 j - a cursed +0 cloak (worn)
 t - a +0 pair of gloves (worn)
Jewellery
 c - a ring of wizardry (left hand)
Scrolls
 e - 2 scrolls of fear {unknown}
 g - a scroll of magic mapping {unknown}
 h - 2 scrolls of blinking {unknown}
 i - a scroll of teleportation {unknown}
 k - 2 scrolls of amnesia {unknown}
 l - 2 scrolls of fog {unknown}
 n - 4 scrolls of identify {unknown}
 o - a scroll of remove curse {unknown}
Potions
 f - a potion of ambrosia {unknown}
 p - 3 potions of curing {unknown}
 q - a potion of mutation {unknown}
 r - a potion of resistance {unknown}
 s - a potion of flight {unknown}
 v - a potion of heal wounds {unknown}
Comestibles
 d - 7 rations
 u - 7 chunks of flesh


   Skills:
 + Level 2.2 Dodging
 + Level 2.0 Stealth
 * Level 3.5 Spellcasting
 * Level 1.7 Conjurations
 + Level 0.8 Summonings
 + Level 0.8 Translocations


You had one spell level left.
You knew the following spells:

 Your Spells              Type           Power        Failure   Level  Hunger
a - Magic Dart            Conj           ##..         1%          1    None
b - Blink                 Tloc           N/A          4%          2    #......
c - Call Imp              Summ           #.......     4%          2    #......
d - Conjure Flame         Conj/Fire      #.......     9%          3    ###....

Your spell library contained the following spells:

 Spells                   Type           Power        Failure   Level  Hunger
 Slow                     Hex            #.......     6%          2    #......
 Mephitic Cloud           Conj/Pois/Air  #.......     10%         3    ###....


Dungeon Overview and Level Annotations

Branches:
Dungeon (3/15)

Annotations:
D:3 Sigmund


Innate Abilities, Weirdness & Mutations

You have an increased reservoir of magic. (+10% MP)


Message History

The orc is almost dead.
The orc misses you.
Casting: Magic Dart (safe; 2% risk of failure)
Confirm with . or Enter, or press ? or * to list all spells.
Aiming: Magic Dart (safe; 2% risk of failure)
Press: ? - help, Shift-Dir - straight line, f/p - orc
Aim: an orc, wielding a whip (almost dead)
The magic dart hits the orc.
You kill the orc!
You see here a whip.
Sigmund the Dreaded comes into view.
He is wielding a scythe.
Sigmund shouts!
Sigmund screams, "Die, monster!"
Sigmund moves out of view.
Sigmund is too close now for your liking.
Sigmund zaps a wand.
The bolt of acid hits you!
Ouch! That really hurt!
The acid corrodes you!
You are splashed with acid!
The acid burns!
Ouch! That really hurt!
You die...

##..........######.#
#.>...รท............#
####.........#.######.###
#...[........#.# ##....
#####.##.........#.#####...##
......##..#...####.##.).....#
###........>........##....#
#.......<...###...#..##.#.#
###.##.#..##@## ##...#.#..#.#
# #........@..## ##.)._..##.#
.#.##.#.##.#.(#.# #.##.### .#
........##.#..#.# ##.#..# .#
..###.####.#.....## ##.##..#
..##)..# #.#.##.#.###..##..#
#......###.#.##............#
..##...##....##........###.#
# ##.........._#.###### #.#


You could see Sigmund.

Vanquished Creatures
  An adder (D:2)
  A worm (D:2)
  A dart slug (D:2)
  A leopard gecko (D:1)
  2 orcs (D:3)
  9 bats
  A giant cockroach (D:3)
  3 hobgoblins
  6 jackals
  2 frilled lizards (D:2)
  5 goblins
  4 kobolds
  8 rats
44 creatures vanquished.

Notes
Turn   | Place    | Note
-------+----------+-------------------------------------------
     0 | D:1      | Iscandelvey the Demigod Wizard began the quest for the Orb.
     0 | D:1      | Reached XP level 1. HP: 14/14 MP: 6/6
   219 | D:1      | Reached skill level 3 in Spellcasting
   270 | D:1      | Reached skill level 1 in Conjurations
   342 | D:1      | Reached XP level 2. HP: 6/20 MP: 1/8
   687 | D:1      | Learned a level 2 spell: Blink
   690 | D:1      | Learned a level 2 spell: Call Imp
  1588 | D:2      | Found a snail-covered altar of Cheibriados.
  1670 | D:2      | Found a glowing silver altar of Zin.
  1708 | D:2      | Reached XP level 3. HP: 13/26 MP: 2/10
  2097 | D:2      | Learned a level 3 spell: Conjure Flame
  2743 | D:3      | Found a stormy altar of Qazlal.
  2830 | D:3      | Found a burning altar of Makhleb.
  2847 | D:3      | Noticed Sigmund
  2849 | D:3      | Splashed by Sigmund's acid

Skill      XL: |  1  2  3 |
---------------+----------+-----
Spellcasting   | 3 |  3.5
Conjurations   | 1 |  1.7
Dodging        | 2 |  2.2
Stealth        | 2 |  2.0
Summonings     | |  0.8
Translocations | |  0.8

Action                   || total
-------------------------++-------
Melee: Unarmed           ||     5
       Hand axe          ||    42
 Cast: Magic Dart        ||    96
 Stab: Sleeping          ||     8
  Eat: Chunk             ||     6
Armor: Robe              ||    25
Dodge: Dodged            ||    72
